 Dungeon Crawl Stone Soup version 0.23-a0-32-g1388f29 (webtiles) character file.

114 Amnesiac the Digger (level 4, 0/30 HPs)
             Began as a Mummy Earth Elementalist on Aug 4, 2018.
             Slain by an iguana (13 damage)
             ... on level 4 of the Dungeon.
             The game lasted 00:05:33 (2259 turns).

Amnesiac the Digger (Mummy Earth Elementalist)      Turns: 2259, Time: 00:05:34

Health: 0/30       AC:  2    Str: 11    XL:     4   Next: 66%
Magic:  1/10       EV: 12    Int: 15    God:
Gold:   82         SH:  0    Dex: 12    Spells: 1/11 levels left

rFire    x . .     SeeInvis .   e - +0 trident
rCold    + . .     Gourm    .   (no shield)
rNeg     + + +     Faith    .   c - +0 robe
rPois    ∞         Spirit   .   (no helmet)
rElec    .         Reflect  .   (no cloak)
rCorr    +         Harm     .   (no gloves)
MR       .....                  (no boots)
Stlth    ++........             (no amulet)
HPRegen  0.10/turn              f - ring of resist corrosion
MPRegen  0.12/turn              (no ring)

@: no status effects
A: no food or potions, fire vulnerability, cold resistance 1, negative energy
resistance 3, torment resistance, unbreathing
a: no special abilities


You were on level 4 of the Dungeon.
You were not hungry.

You visited 1 branch of the dungeon, and saw 6 of its levels.

You collected 82 gold pieces.

Inventory:

Hand Weapons
 a - a +0 spear
 e - a +0 trident (weapon)
Missiles
 b - 26 stones (quivered)
Armour
 c - a +0 robe (worn)
Jewellery
 f - a ring of resist corrosion (left hand)
Scrolls
 d - 2 scrolls of remove curse {!r}
 g - a scroll of identify {!r, unknown}


   Skills:
 - Level 1.5 Dodging
 - Level 1.5 Stealth
 + Level 4.0 Spellcasting
 - Level 0.7 Transmutations
 * Level 4.0 Earth Magic


You had one spell level left.
You knew the following spells:

 Your Spells              Type           Power        Failure   Level  Hunger
a - Stone Arrow           Conj/Erth      #.....       24%         3    N/A
b - Passwall              Tmut/Erth      ##......     11%         2    N/A
c - Sandblast             Erth           ###...       3%          1    N/A
e - Petrify               Tmut/Erth      ##......     56%         4    N/A

Your spell library contained the following spells:

 Spells                   Type           Power        Failure   Level  Hunger
 Magic Dart               Conj           #...         19%         1    N/A
 Iskenderun's Mystic Bla  Conj           #.......     87%         4    N/A
 Lee's Rapid Deconstruct  Erth           ###.......   67%         5    N/A
 Fulminant Prism          Conj/Hex       #.........   87%         4    N/A
 Dazzling Spray           Conj/Hex       #.....       47%         3    N/A
 Force Lance              Conj/Tloc      #.......     87%         4    N/A
 Searing Ray              Conj           #.....       26%         2    N/A

Dungeon Overview and Level Annotations

Branches:
Dungeon (6/15)
 Temple: D:4-7

Altars:


Innate Abilities, Weirdness & Mutations

You do not eat or drink.
Your flesh is vulnerable to fire.
You are immune to poison.
Your flesh is cold resistant. (rC+)
You are immune to negative energy. (rN+++)
You are immune to unholy pain and torment.
You can survive without breathing.


Message History

The iguana is moderately wounded.
Casting: Stone Arrow (safe; 24% risk of failure)
Confirm with . or Enter, or press ? or * to list all spells.
Aiming: Stone Arrow (safe; 24% risk of failure)
Press: ? - help, Shift-Dir - straight line, f/p - iguana
Aim: an iguana (moderately wounded)
The stone arrow misses the iguana.
Casting: Stone Arrow (safe; 24% risk of failure)
Confirm with . or Enter, or press ? or * to list all spells.
You don't have enough magic to cast that spell.
Casting: Stone Arrow (safe; 24% risk of failure)
Confirm with . or Enter, or press ? or * to list all spells.
You don't have enough magic to cast that spell.
Casting: Stone Arrow (safe; 24% risk of failure)
Confirm with . or Enter, or press ? or * to list all spells.
You don't have enough magic to cast that spell.
There is an open door here.
Casting: Stone Arrow (safe; 24% risk of failure)
Confirm with . or Enter, or press ? or * to list all spells.
Aiming: Sandblast (safe; 3% risk of failure)
Press: ? - help, Shift-Dir - straight line, f/p - iguana
Aim: an iguana (moderately wounded)
The blast of sand hits the iguana.
The iguana is heavily wounded.
b - 29 stones The iguana bites you!
Casting: Sandblast (safe; 3% risk of failure)
Confirm with . or Enter, or press ? or * to list all spells.
Aiming: Sandblast (safe; 3% risk of failure)
Press: ? - help, Shift-Dir - straight line, f/p - iguana
Aim: an iguana (heavily wounded)
The blast of sand hits the iguana.
The iguana is heavily wounded.
b - 28 stones The iguana hisses menacingly.
Casting: Sandblast (safe; 3% risk of failure)
Confirm with . or Enter, or press ? or * to list all spells.
Aiming: Sandblast (safe; 3% risk of failure)
Press: ? - help, Shift-Dir - straight line, f/p - iguana
Aim: an iguana (heavily wounded)
Okay, then.
The iguana closely misses you.
You open the door. The iguana closely misses you.
There is an open door here.
Casting: Sandblast (safe; 3% risk of failure)
Confirm with . or Enter, or press ? or * to list all spells.
Aiming: Sandblast (safe; 3% risk of failure)
Press: ? - help, Shift-Dir - straight line, f/p - iguana
Aim: an iguana (heavily wounded)
The blast of sand hits the iguana.
The iguana is almost dead.
b - 27 stones
Casting: Sandblast (safe; 3% risk of failure)
Confirm with . or Enter, or press ? or * to list all spells.
Aiming: Sandblast (safe; 3% risk of failure)
Press: ? - help, Shift-Dir - straight line, f/p - iguana
Aim: an iguana (almost dead)
The blast of sand hits the iguana.
The iguana is almost dead.
b - 26 stones The iguana bites you!
* * * LOW HITPOINT WARNING * * *
The iguana bites you!
You die...

#.............# #..#..
#..........†..# ##.#..
####.............# #.#..
#................# #....
#................# ##.#.
#................# #.#.
#................# #.#.
#................# #... ##
#..........@l....# ##.. .#
#...##########'###########.. .#
#...# #.....##......... .# #.!.#
#.....##........> .#
#...########.....##.........
.#####............#+####.........
.'..................# #.........
.########.........### #.........
.'.....##.........# #.........


You could see an iguana.

Vanquished Creatures
  A hound (D:3)
  A bullfrog skeleton (D:4)
  2 adders
  2 oozes
  An adder skeleton (D:6)
  A dart slug (D:4)
  An orc (D:4)
  3 ball pythons
  3 giant cockroaches
  A goblin (D:3)
  4 jackals (D:4)
  A kobold (D:3)
  A quokka (D:3)
  2 bats (D:3)
  4 rats (D:3)
28 creatures vanquished.

Notes
Turn   | Place    | Note
-------+----------+-------------------------------------------
     0 | D:1      | Amnesiac the Mummy Earth Elementalist began the quest for the Orb.
     0 | D:1      | Reached XP level 1. HP: 13/13 MP: 4/4
   101 | D:3      | Reached XP level 2. HP: 14/19 MP: 5/5
   105 | D:3      | Learned a level 2 spell: Passwall
   255 | D:3      | Reached XP level 3. HP: 15/24 MP: 2/8
   500 | D:3      | You fall through a shaft for 2 floors!
   500 | D:5      | Entered Level 5 of the Dungeon
   513 | D:4      | Reached XP level 4. HP: 30/30 MP: 5/9
   518 | D:4      | Learned a level 3 spell: Stone Arrow
   523 | D:4      | Learned a level 4 spell: Petrify
  1105 | D:6      | Noticed a sky beast
  2259 | D:4      | Slain by an iguana

Vault maps used:
D:1:      mrwooster_arrival_statue, hangedman_decor_clover_reticule,
          minmay_misc_feat_hallway
D:2:      yredelemnul_altar_generic, grunt_gozag_statues
D:3:      nicolae_overflow_hidden_temple, tgw_kikubaaqudgha
D:4:      first_ration
D:6:      hangedman_decor_peaks_small, guppyfry_early_elven_hall, uniq_edmund

Skill      XL: |  1  2  3  4 |
---------------+-------------+-----
Earth Magic    | 3 4 |  4.0
Spellcasting   | 3 4 |  4.0
Dodging        | |  1.5
Stealth        | |  1.5
Transmutations | |  0.7

Action                   |  1- 3 |  4- 6 || total
-------------------------+-------+-------++-------
Melee: Spear             |    45 |    17 ||    62
       Trident           |       |    12 ||    12
 Cast: Sandblast         |    14 |    14 ||    28
       Stone Arrow       |       |    12 ||    12
       Passwall          |       |     2 ||     2
  Use: Scroll            |       |     1 ||     1
 Stab: Sleeping          |     1 |     1 ||     2
Armor: Robe              |    11 |     4 ||    15
Dodge: Dodged            |    29 |    22 ||    51

Table legend:
 A = Spawn XP
 B = Non-spawn XP
 C = Spawn XP percentage of total XP
 D = Spawn monster count
 E = Non-spawn monster count
 F = Spawn count percentage of total count
 G = Total turns spent on level
                    A         B        C        D         E        F      G
               +---------+---------+-------+---------+---------+-------+---------
         Total |       0 |     163 |   0.0 |       0 |      28 |   0.0 |  2259
               +---------+---------+-------+---------+---------+-------+---------
           D:1 |       0 |       7 |   0.0 |       0 |       1 |   0.0 |    85
           D:2 |       0 |       3 |   0.0 |       0 |       2 |   0.0 |    35
           D:3 |       0 |      79 |   0.0 |       0 |      14 |   0.0 |   335
           D:4 |       0 |      67 |   0.0 |       0 |       9 |   0.0 |  1013
           D:5 |       0 |       2 |   0.0 |       0 |       1 |   0.0 |   555
           D:6 |       0 |       5 |   0.0 |       0 |       1 |   0.0 |   236
               +---------+---------+-------+---------+---------+-------+---------
